 Dungeon Crawl Stone Soup version 0.29-a0-393-g47a863cc1b (webtiles) character file.

Game seed: 12363266639725711858

57 GigaChad the Covered (level 3, 0/33 HPs)
             Began as a Minotaur Fighter on May 9, 2022.
             Slain by an orc
             ... wielding a +0 trident
              (1 damage)
             ... on level 3 of the Dungeon on May 10, 2022.
             The game lasted 00:06:02 (2351 turns).

GigaChad the Covered (Minotaur Fighter)             Turns: 2351, Time: 00:06:03

Health: 0/33       AC: 12    Str: 20    XL:     3   Next: 73%
Magic:  2/2        EV:  5    Int:  5    God:
Gold:   166        SH:  4    Dex: 11    Spells: 2/2 levels left

rFire   . . .      SeeInvis .   a - +0 long sword
rCold   . . .      Faith    .   c - +0 buckler
rNeg    . . .      Spirit   .   i - +0 plate armour
rPois   .          Reflect  .   (helmet restricted)
rElec   .          Harm     .   (no cloak)
rCorr   .          Rampage  .   (no gloves)
Will    .....                   (no boots)
Stlth   ..........              (no amulet)
HPRegen 0.11/turn               (no ring)
MPRegen 0.08/turn               (no ring)

@: no status effects
A: horns 2, retaliatory headbutt
a: no special abilities


You were on level 3 of the Dungeon.
You visited 1 branch of the dungeon, and saw 3 of its levels.

You collected 166 gold pieces.

Inventory:

Hand Weapons
 a - a +0 long sword (weapon)
Armour
 b - a +0 scale mail
 c - a +0 buckler (worn)
 i - a +0 plate armour (worn)
Scrolls
 g - 2 scrolls of amnesia
 j - 2 scrolls of enchant weapon {unknown}
 k - 2 scrolls of identify
Potions
 d - a potion of might
 e - a potion of flight {unknown}
 f - a potion of magic
 h - a potion of heal wounds {unknown}
 l - a potion of resistance {unknown}
 m - 2 potions of degeneration {unknown}


   Skills:
 + Level 4.2 Fighting
 + Level 3.4 Long Blades
 + Level 4.4 Armour
 + Level 0.1 Dodging
 + Level 3.8 Shields


You had 2 spell levels left.
You didn't know any spells.
Your spell library contained the following spells:

 Spells                   Type           Power      Damage    Failure   Level
 Apportation              Tloc           0%         N/A       100%        1
 Alistair's Intoxication  Tmut/Pois      0%         N/A       100%        5


Dungeon Overview and Level Annotations

Branches:
Dungeon (3/15)

Altars:


Innate Abilities, Weirdness & Mutations

You have a pair of horns on your head.
You reflexively headbutt those who attack you in melee.


Message History

3 orcs come into view.
An orc is wielding a +2 dagger of pain.
The orc shouts! x2
A goblin comes into view. It is wielding a +0 club.
A gnoll comes into view. It is wielding a +0 club.
The gnoll shouts!
The orc barely misses you.
The orc priest hits you with a +0 flail.
The goblin hits you but does no damage. The orc hits you with a +0 trident.
The orc attacks as you move away! The orc hits you with a +0 trident.
The orc priest attacks as you move away!
The orc priest hits you with a +0 flail.
A worm comes into view.
The orc hits you but does no damage. The goblin barely misses you.
The orc hits you but does no damage.
A rat comes into view.
The orc priest barely misses you. You block the orc's attack.
The orc priest attacks as you move away!
The orc priest hits you with a +0 flail!
You see here a ring of poison resistance.
There is a stone staircase leading up here.
You barely miss the goblin. You headbutt the goblin.
The goblin is heavily wounded.
The goblin hits you but does no damage.
You slash the goblin!
You kill the goblin!
The orc hits you with a +0 whip.
* * * LOW HITPOINT WARNING * * *
You completely miss the orc. You headbutt the orc!
You kill the orc!
The orc barely misses you. You block the orc's attack.
You hit the orc.
The orc is almost dead.
The orc hits you but does no damage.
The orc hits you from afar with a +0 trident.
* * * LOW HITPOINT WARNING * * *
The orc hits you with a +2 dagger of pain.
* * * LOW HITPOINT WARNING * * *
The orc hits you from afar with a +0 trident.
You die...

#### ## .......
.>..... .....#.
. ..... #.# ...
..
..####.###.####
.......@o......
..####oo##.####
....rgo........
...##.#.#...###
. #....#......
#....# .#.##
#........# .# #
#......#.# .
.......... ..


You could see an orc priest, a gnoll, 3 orcs and a rat.

Vanquished Creatures
  An adder (D:2)
  3 dart slugs
  An orc (D:3)
  A bat (D:1)
  2 endoplasms (D:1)
  2 giant cockroaches (D:1)
  4 goblins
  3 hobgoblins
  3 quokkas (D:1)
  5 ball pythons
  2 frilled lizards (D:1)
  8 kobolds
  3 rats (D:1)
38 creatures vanquished.

Vanquished Creatures (others)
  3 fungi (D:1)
  2 plants (D:1)
5 creatures vanquished.

Grand Total: 43 creatures vanquished

Notes
Turn   | Place    | Note
-------+----------+-------------------------------------------
     0 | D:1      | GigaChad the Minotaur Fighter began the quest for the Orb.
     0 | D:1      | Reached XP level 1. HP: 19/19 MP: 0/0
   228 | D:1      | Reached XP level 2. HP: 25/27 MP: 1/1
   930 | D:1      | Found a faded altar of an unknown god.
  1363 | D:1      | Reached XP level 3. HP: 31/33 MP: 2/2
  2351 | D:3      | HP: 1/33 [orc/+2 dagger of pain (1)]
  2351 | D:3      | Slain by an orc

Illustrated notes

Levels and vault maps discovered:
D:1:      dpeg_arrival_boxes_within_box, layout_loops_ring,
          shapermc_ecumenical_altar_ellora, kennysheep_nondescript
D:2:      layout_basic, serial_glass, glass_columns_a, glass_columns_a,
          glass_columns_b, glass_columns_b, glass_columns_b, glass_columns_a,
          minmay_misc_feat_ornament, kennysheep_generic_room_9
D:3:      layout_basic, lemuel_crystal_altar, chei_slow_surprise,
          hangedman_decor_opposing, st_stairs_3, minivault_24

Skill      XL: |  1  2  3 |
---------------+----------+-----
Armour         | 4 |  4.4
Fighting       | 4 |  4.2
Long Blades    | 3 |  3.4
Dodging        | |  0.1
Shields        | |  3.8

Action                   || total
-------------------------++-------
Melee: Long sword        ||   104
       Headbutt          ||    17
  Use: Scroll            ||     5
Armor: Scale mail        ||    43
       Plate armour      ||    31
Dodge: Dodged            ||    54
Block: Buckler           ||    23

Table legend: (Time is in decaauts)
 A = Elapsed time spent in this place.
 B = Non-inter-level travel time spent in this place.
 C = Inter-level travel time spent in this place.
 D = Time resting spent in this place.
 E = Time spent auto-exploring this place.
 F = Levels seen in this place.
 G = Mean time per level.
                   A        B        C        D        E       F      G
               +--------+--------+--------+--------+--------+-----+--------+
         Total |   2382 |   2339 |     43 |    428 |    867 |   3 |  794.0 |
       Dungeon |   2382 |   2339 |     43 |    428 |    867 |   3 |  794.0 |
               +--------+--------+--------+--------+--------+-----+--------+

Top non-repeatable levels by time:
     D:1: 1648 daAuts
     D:2: 718 daAuts
     D:3: 16 daAuts
